 Dungeon Crawl Stone Soup version 0.17.1-3-g152610e (webtiles) character file.

9115 nikopol the Cleaver (level 11, -2/102 HPs)
             Began as a Hill Orc Berserker on Apr 14, 2016.
             Was a High Priest of Trog.
             Slain by a black mamba (13 damage)
             ... on level 1 of the Lair of Beasts.
             The game lasted 00:42:17 (12595 turns).

nikopol the Cleaver (Hill Orc Berserker)           Turns: 12595, Time: 00:42:18

Health: -2/102     AC: 13    Str: 21    XL:     11   Next: 41%
Magic:  11/11      EV: 12    Int:  7    God:    Trog [*****.]
Gold:   571        SH:  0    Dex: 13    Spells: 0 memorised, 10 levels left

rFire  . . .     SeeInvis .     R - +1 battleaxe
rCold  . . .     Clarity  .     s - +0 scale mail
rNeg   + . .     SustAt   .     (shield currently unavailable)
rPois  .         Gourm    .     (no helmet)
rElec  .         Spirit   .     t - +1 cloak
rCorr  .         Warding  +     D - +0 pair of gloves
rMut   .         Stasis   .     N - +0 pair of boots
MR     .....                    r - amulet of warding
Stlth  ..........               (no ring)
                                (no ring)

@: lethally poisoned (-2 -> -39), not resistant to hostile enchantments,
extremely unstealthy
A: no striking features
a: Berserk, Trog's Hand, Brothers in Arms, Burn Spellbooks, Renounce Religion


You were on level 1 of the Lair of Beasts.
You worshipped Trog.
Trog was extremely pleased with you.
You were hungry.

You visited 2 branches of the dungeon, and saw 11 of its levels.
You also visited: Sewer.

You collected 571 gold pieces.

Inventory:

Hand Weapons
 a - a +1 hand axe
 M - a +1 hand axe
 R - a +1 battleaxe (weapon)
Missiles
 L - a javelin of penetration (quivered)
 S - 4 javelins of returning
Armour
 b - a +0 animal skin
 s - a +0 scale mail (worn)
 t - a +1 cloak (worn)
 D - a +0 pair of gloves (worn)
 N - a +0 pair of boots (worn)
Jewellery
 r - an amulet of warding (around neck)
 G - a +3 ring of protection {unknown}
 I - a +4 ring of protection {unknown}
Wands
 i - a wand of teleportation (8)
 z - a wand of disintegration (10)
 C - a wand of paralysis (14)
 E - a wand of cold (6)
 K - a wand of flame (32)
 O - a wand of magic darts (13)
Scrolls
 f - 4 scrolls of teleportation
 g - a scroll of blinking {unknown}
 j - 12 scrolls of identify
 l - 2 scrolls of recharging
 n - a scroll of fear
 o - 3 scrolls of enchant armour
 q - 2 scrolls of magic mapping {unknown}
 y - 3 scrolls of amnesia {unknown}
 B - 3 scrolls of remove curse
 J - a scroll of random uselessness {unknown}
 P - a scroll of brand weapon {unknown}
Potions
 e - 3 potions of brilliance {unknown}
 k - a potion of might {unknown}
 m - 3 potions of poison {unknown}
 p - 2 potions of lignification {unknown}
 u - a potion of invisibility {unknown}
 v - 3 potions of curing {unknown}
 w - 2 potions of heal wounds {unknown}
 x - a potion of degeneration {unknown}
 A - a potion of resistance {unknown}
 F - a potion of flight {unknown}
 H - 3 potions of cancellation {unknown}
Comestibles
 c - a bread ration
 d - 2 fruits
 h - 5 meat rations
 Q - a beef jerky
 T - a slice of pizza


   Skills:
 * Level 11.3 Fighting
 * Level 12.0 Axes
 + Level 5.1 Throwing
 * Level 9.7 Armour
 + Level 5.3 Dodging


You had 10 spell levels left.
You didn't know any spells.

Dungeon Overview and Level Annotations

Branches:
Dungeon (10/15)            Temple (0/1) D:5            Lair (1/8) D:9
    Orc: D:9-12

Altars:
Ashenzari
Elyvilon
Fedhas
Okawaru
Ru
Vehumet
The Shining One


Message History

You kill the giant frog!
Trog accepts your kill.
You closely miss the black mamba.
You feel very sick. The black mamba bites you.
The black mamba closely misses you.
You miss the black mamba.
You feel very sick. The black mamba bites you.
You are lethally poisoned!
The black mamba poisons you! The black mamba bites you!
* * * LOW HITPOINT WARNING * * *
You are too injured to fight recklessly!
You are too injured to fight recklessly!
You closely miss the black mamba.
* * * LOW HITPOINT WARNING * * *
You feel very sick. The black mamba bites you!
* * * LOW HITPOINT WARNING * * *
The black mamba bites you!
You die...

....#.#
.....=. ##
.......##.####
........#....
...........#
...........##
#.....S$...#
#@†...#
#..#.....#
#.... .....#
##... .)...#
###. ....## ##
....# ....#
.....


You could see a black mamba.

Vanquished Creatures
  Erica (D:8)
  Joseph (D:7)
  A troll (D:9)
  Prince Ribbit (D:8)
  A trapdoor spider zombie (D:9)
  6 yaks (D:9)
  Eustachio (D:4)
  Grum (D:8)
  2 deep elf magi
  Menkaure (D:5)
  4 wolves
  2 sky beasts
  2 ice beasts (D:8)
  A water moccasin (D:8)
  A necrophage (D:9)
  3 phantoms
  6 ogres
  A black bear (D:7)
  2 crocodiles
  3 orc warriors (D:8)
  5 centaurs
  2 big kobolds
  6 giant frogs
  A wyvern zombie (D:6)
  5 scorpions
  8 killer bees
  4 giant frog zombies
  8 wights
  5 crimson imps
  A centaur skeleton (D:4)
  5 orc priests
  2 centaur zombies
  Crazy Yiuf (D:3)
  4 jellies
  A giant frog skeleton (D:9)
  2 gnoll shamans
  9 hounds
  5 orc wizards
  Terence (D:3)
  An iguana (D:8)
  5 worker ants
  2 hound zombies
  12 gnolls
  7 adders
  2 shadow imps
  2 oozes
  An adder zombie (D:6)
  5 worms
  2 adder skeletons
  29 orcs
  9 giant cockroaches
  8 hobgoblins
  A ball python (D:3)
  11 bats
  9 giant geckos
  A giant gecko zombie (D:8)
  8 giant newts
  8 goblins
  6 jackals
  26 kobolds
  4 quokkas
  A quokka zombie (D:5)
  5 rats
281 creatures vanquished.

Notes
Turn   | Place    | Note
--------------------------------------------------------------
     0 | D:1      | nikopol the Hill Orc Berserker began the quest for the Orb.
     0 | D:1      | Reached XP level 1. HP: 19/19 MP: 1/1
   403 | D:1      | Reached XP level 2. HP: 19/26 MP: 2/2
   766 | D:1      | Reached XP level 3. HP: 33/33 MP: 3/3
  1097 | D:2      | Reached ** piety under Trog
  1378 | D:2      | Reached XP level 4. HP: 36/40 MP: 4/4
  1741 | D:2      | Reached skill level 5 in Axes
  1861 | D:3      | Reached XP level 5. HP: 21/46 MP: 5/5
  2514 | D:3      | Reached skill level 1 in Throwing
  2527 | D:2      | Reached *** piety under Trog
  2783 | D:3      | Noticed Terence
  2791 | D:3      | Killed Terence
  3177 | D:3      | Noticed Crazy Yiuf
  3185 | D:3      | Killed Crazy Yiuf
  3185 | D:3      | Reached XP level 6. HP: 53/53 MP: 6/6
  3496 | D:4      | Reached skill level 5 in Fighting
  3525 | D:4      | Reached skill level 6 in Axes
  3533 | D:4      | Reached XP level 7. HP: 56/61 MP: 7/7
  4134 | D:4      | Noticed Eustachio
  4184 | D:4      | Killed Eustachio
  4184 | D:4      | Reached skill level 5 in Armour
  4481 | D:5      | Entered Level 5 of the Dungeon
  4507 | D:5      | Noticed Menkaure
  4514 | D:5      | Killed Menkaure
  4514 | D:5      | Reached skill level 7 in Axes
  4514 | D:5      | Reached XP level 8. HP: 71/71 MP: 8/8
  4549 | D:5      | Found a shattered altar of Ashenzari.
  4655 | D:5      | Found a staircase to the Ecumenical Temple.
  4706 | D:5      | Reached **** piety under Trog
  4918 | D:5      | Found a glowing drain.
  4922 | Sewer    | Entered a sewer
  5360 | D:5      | Reached skill level 8 in Axes
  6344 | D:6      | Reached XP level 9. HP: 76/79 MP: 9/9
  6575 | D:6      | Reached skill level 9 in Axes
  6714 | D:6      | Found a blossoming altar of Fedhas.
  6715 | D:6      | Found a sacrificial altar of Ru.
  6724 | D:6      | Found a glowing golden altar of the Shining One.
  7595 | D:7      | Noticed Joseph
  7619 | D:7      | Killed Joseph
  8213 | D:7      | Found an iron altar of Okawaru.
  8817 | D:8      | Noticed Grum
  8835 | D:8      | Killed Grum
  8835 | D:8      | Reached skill level 10 in Axes
  8835 | D:8      | Reached XP level 10. HP: 59/91 MP: 10/10
  9013 | D:8      | Received a gift from Trog
  9384 | D:8      | Noticed Erica
  9385 | D:8      | Noticed Prince Ribbit
  9460 | D:8      | Found a radiant altar of Vehumet.
  9597 | D:8      | Killed Prince Ribbit
  9645 | D:8      | Reached ***** piety under Trog
  9901 | D:8      | Killed Erica
  9901 | D:8      | Reached skill level 10 in Fighting
  9901 | D:8      | Reached skill level 11 in Axes
 10403 | D:8      | Found a white marble altar of Elyvilon.
 11032 | D:9      | Reached skill level 5 in Dodging
 11128 | D:9      | Found a staircase to the Lair.
 11142 | D:9      | Reached XP level 11. HP: 101/101 MP: 11/11
 11455 | D:9      | Reached skill level 5 in Throwing
 12038 | D:9      | Received a gift from Trog
 12434 | D:9      | Reached skill level 12 in Axes
 12537 | D:10     | Entered Level 10 of the Dungeon
 12587 | Lair:1   | Entered Level 1 of the Lair of Beasts
 12595 | Lair:1   | Slain by a black mamba

Action                   |  1- 3 |  4- 6 |  7- 9 | 10-12 || total
-------------------------+-------+-------+-------+-------++-------
Melee: Hand axe          |    95 |   180 |   592 |   437 ||  1304
       Battleaxe         |       |       |       |    60 ||    60
Throw: Javelin           |       |    17 |    17 |    10 ||    44
Invok: Berserk           |     1 |     3 |     6 |     8 ||    18
       Burn Spellbooks   |       |       |     1 |       ||     1
  Use: Scroll            |       |       |     9 |     1 ||    10
  Eat: Chunk             |     2 |     9 |    20 |    17 ||    48
       Beef jerky        |       |       |     1 |       ||     1
       Bread ration      |       |       |     1 |       ||     1
       Fruit             |       |       |       |     3 ||     3
